 Seeded DCSS version 0.29.1-2-gbd0b4ee654 (webtiles) character file.

Game seed: 134087 (custom seed)

60 qeuew the Grasshopper (level 4, -7/37 HPs)
             Began as a Meteoran Warper on Nov 15, 2022.
             Was an Initiate of Trog.
             Mangled by Sigmund
             ... wielding a +0 scythe
              (9 damage)
             ... on level 3 of the Dungeon.
             The game lasted 00:02:27 (917 turns).

qeuew the Grasshopper (Meteoran Warper)              Turns: 917, Time: 00:02:28

Health: -7/37      AC:  5    Str: 14    XL:     4   Next: 48%
Magic:  9/9        EV: 12    Int: 15    God:    Trog [......]
Gold:   140        SH:  0    Dex: 13    Spells: 7/9 levels left

rFire   . . .      SeeInvis .   a - +0 mace
rCold   + . .      Faith    .   (no shield)
rNeg    . . .      Spirit   .   g - +1 leather armour {rC+}
rPois   .          Reflect  .   (no helmet)
rElec   .          Harm     .   (no cloak)
rCorr   .          Rampage  .   h - +0 pair of gloves
Will    .....                   (no boots)
Stlth   +.........              (no amulet)
HPRegen 0.12/turn               (no ring)
MPRegen 0.11/turn               (no ring)

@: glowing
A: sense surroundings 1, otherworldly, glowing, explore regen
a: Renounce Religion


You were on level 3 of the Dungeon.
You worshipped Trog.
Trog was noncommittal.
You visited 1 branch of the dungeon, and saw 3 of its levels.

You collected 140 gold pieces.

Inventory:

Hand Weapons
 a - a +0 mace (weapon)
Missiles
 d - 7 boomerangs of dispersal (quivered)
Armour
 g - a +1 leather armour of cold resistance (worn)
 h - a +0 pair of gloves (worn)
Scrolls
 b - a scroll of identify {unknown}
 c - 2 scrolls of blinking


   Skills:
 + Level 2.6 Fighting
 + Level 3.3 Maces & Flails
 + Level 2.1 Throwing
 + Level 2.2 Armour
 + Level 2.9 Dodging
 - Level 3.0 Spellcasting
 - Level 3.9 Translocations


You had 7 spell levels left.
You knew the following spells:

 Your Spells              Type           Power      Damage    Failure   Level
a - Blink                 Tloc           28%        N/A       8%          2

Your spell library contained the following spells:

 Spells                   Type           Power      Damage    Failure   Level
 Gell's Gravitas          Tloc           14%        N/A       14%         3
 Lesser Beckoning         Tloc           14%        N/A       14%         3
 Teleport Other           Tloc           14%        N/A       14%         3
 Manifold Assault         Tloc           14%        N/A       80%         5


Dungeon Overview and Level Annotations

Branches:
Dungeon (3/15) Zot: 862

Altars:
Trog

Annotations:
D:3 Sigmund


Innate Abilities, Weirdness & Mutations

You passively map a small area around you.
You are easily found by Zot.
You glow in the dark.
You regain HP and MP as you explore.


Message History

You hit Sigmund.
Sigmund is moderately wounded.
Sigmund points at you and mumbles some strange words.
The puff of flame hits you!
You barely miss Sigmund.
Sigmund is moderately wounded.
Sigmund casts a spell.
Sigmund flickers and vanishes!
Deactivating autopickup; reactivate with Ctrl-A.
Throw: 7 boomerangs (disperse)
Press: ? - help, Q - select action Shift-Dir - straight line, f - you
Okay, then.
You completely miss something. Something hits you!
* * * LOW HITPOINT WARNING * * *
You miss something.
You hear some strange, mumbled words.
A magic dart appears from out of thin air!
The magic dart hits you.
* * * LOW HITPOINT WARNING * * *
You closely miss something. Something hits you.
* * * LOW HITPOINT WARNING * * *
You hit something but do no damage. Something barely misses you.
Okay, then.
You feel better.
Okay, then.
You closely miss something. Something hits you.
* * * LOW HITPOINT WARNING * * *
You miss something. Your punch misses something.
Something hits you but does no damage.
You hit something. Something hits you but does no damage.
You barely miss something. Something hits you.
* * * LOW HITPOINT WARNING * * *
You hit something. Something hits you.
* * * LOW HITPOINT WARNING * * *
You closely miss something. You hit something. Something hits you.
* * * LOW HITPOINT WARNING * * *
You barely miss something. Something hits you but does no damage.
You barely miss something. Something hits you!
You die...

* * #### #.. ,..#
####### #.# * #.#
#......
#.#####.####.#####
#.##............##
#.##<##.####.##.##
#.##.##.# #.##.##
#{......# #......
#@###..## ####...
#.# #..# #########
#.###..# #........
#......# #........
##......# #........
#.......# #........
#.##.##.# #........
#.##.##.###<.).....
#.##......#........


There were no monsters in sight!

Vanquished Creatures
  2 adders
  A worm (D:2)
  3 dart slugs
  An orc (D:3)
  An endoplasm (D:2)
  2 giant cockroaches (D:1)
  2 goblins
  5 hobgoblins
  2 jackals (D:2)
  A kobold (D:2)
  A quokka (D:2)
  3 ball pythons (D:2)
  A bat (D:2)
  5 frilled lizards
  2 rats
32 creatures vanquished.

Notes
Turn   | Place    | Note
-------+----------+-------------------------------------------
     0 | D:1      | qeuew the Meteoran Warper began the quest for the Orb.
     0 | D:1      | Reached XP level 1. HP: 17/17 MP: 5/5
    55 | D:1      | Reached XP level 2. HP: 19/24 MP: 6/6
   259 | D:1      | Learned a level 2 spell: Blink
   270 | D:2      | Reached XP level 3. HP: 19/30 MP: 8/8
   278 | D:2      | HP: 1/30 [hobgoblin (4)]
   491 | D:2      | Found a bloodstained altar of Trog.
   518 | D:2      | Became a worshipper of Trog the Wrathful
   761 | D:2      | Reached XP level 4. HP: 37/37 MP: 9/9
   884 | D:3      | Noticed Sigmund
   917 | D:3      | Mangled by Sigmund

Illustrated notes

Levels and vault maps discovered:
D:1:      eino_arrival_water_cross, layout_basic
D:2:      layout_basic, basic_altar
D:3:      layout_loops_cross, okawaru_altar_gauntlet_db,
          ebering_ecumenical_altar_webs, ebering_ghost_reflecting_pool,
          serial_shops, nicolae_square_shop, uniq_robin,
          uniq_crazy_yiuf_cottage, uniq_ijyb, uniq_grinder, uniq_sigmund

Skill      XL: |  1  2  3 |
---------------+----------+-----
Maces & Flails | 3 |  3.3
Spellcasting   | 3 |  3.0
Throwing       | 2 |  2.1
Armour         | 2 |  2.2
Fighting       | |  2.6
Dodging        | |  2.9
Translocations | |  3.9

Action                   |  1- 3 |  4- 6 || total
-------------------------+-------+-------++-------
Melee: Mace              |    87 |    51 ||   138
  Use: Potion            |       |     4 ||     4
       Scroll            |       |     2 ||     2
Armor: Leather armour    |    30 |     9 ||    39
Dodge: Dodged            |    53 |    22 ||    75
